 Dungeon Crawl Stone Soup version 0.32-a0-799-g95e1662365 (webtiles) character file.

Game seed: 13535792894771059333

2475 uglyjohn the Fighter (level 9, 0/93 HPs)
             Began as a Pale Draconian Air Elementalist on Jan 15, 2024.
             Was an Initiate of Vehumet.
             Hit by a large rock thrown by a cyclops (37 damage)
             ... on level 8 of the Dungeon on Mar 21, 2024.
             The game lasted 00:32:03 (9368 turns).

uglyjohn the Fighter (DrAE)                         Turns: 9368, Time: 00:32:03

Health: 0/93       AC:  8    Str: 10    XL:     9   Next: 27%
Magic:  1/12       EV: 11    Int: 21    God:    Vehumet [......]
Gold:   514        SH:  0    Dex: 11    Spells: 5/12 levels left

rFire   + . .        t - staff of conjuration
rCold   . . .        (no shield)
rNeg    + . .        (body armour unavailable)
rPois   .            (helmet restricted)
rElec   .            (no cloak)
rCorr   .            (no gloves)
SInv    .            q - +0 pair of boots
Will    .....        u - amulet of the acrobat
Stlth   ++           k - ring of protection from fire
HPRegen 0.35/turn    p - ring of positive energy
MPRegen 0.13/turn

%: acrobat
@: studying Fighting
A: steam breath, AC +7, unfitting armour, cold-blooded, steam resistance
a: Steam Breath, Renounce Religion


You were on level 8 of the Dungeon.
You worshipped Vehumet.
Vehumet was noncommittal.
You visited 2 branches of the dungeon, and saw 9 of its levels.

You collected 514 gold pieces.

Inventory:

Hand Weapons
 d - a +0 dagger
 i - a +0 mace
Armour
 q - a +0 pair of boots (worn)
Magical Staves
 t - a staff of conjuration (weapon)
Jewellery
 j - a ring of fire
 k - a ring of protection from fire (left hand)
 p - a ring of positive energy (right hand)
 u - an amulet of the acrobat (around neck)
Wands
 A - a wand of roots (1)
 D - a wand of paralysis (6)
Scrolls
 b - 2 scrolls of noise
 c - a scroll of amnesia {unknown}
 e - 2 scrolls of teleportation {unknown}
 g - 2 scrolls of immolation {unknown}
 l - 10 scrolls of identify
 m - 4 scrolls of blinking {unknown}
 n - 2 scrolls of vulnerability {unknown}
 o - 2 scrolls of revelation {unknown}
 r - 2 scrolls of silence {unknown}
 v - a scroll of poison {unknown}
 x - a scroll of acquirement {unknown}
 y - 2 scrolls of fog {unknown}
 B - a scroll of summoning {unknown}
 C - a scroll of enchant weapon {unknown}
Potions
 a - a potion of ambrosia {unknown}
 f - 3 potions of attraction {unknown}
 h - 3 potions of brilliance
 s - 3 potions of curing {unknown}
 w - a potion of mutation {unknown}
 z - a potion of heal wounds {unknown}
 E - a potion of resistance {unknown}


   Skills:
 - Level 13.5 Fighting
 - Level 1.7 Dodging
 - Level 1.7 Stealth
 - Level 2.0 Spellcasting
 + Level 6.1 Conjurations
 + Level 1.3 Fire Magic
 + Level 7.5 Air Magic


You had 5 spell levels left.
You knew the following spells:

 Your Spells              Type           Power      Damage    Failure   Level
a - Shock                 Conj/Air       100%       1d9       1%          1
b - Static Discharge      Conj/Air       92%        3-7/arc   1%          2
c - Airstrike             Air            16%        2d(3-19)  7%          4

Your spell library contained the following spells:

 Spells                   Type           Power      Damage    Failure   Level
 Swiftness                Air            33%        N/A       1%          3
 Scorch                   Fire           14%        2d5       13%         2
 Necrotise                Necr           8%         1d4       14%         1
 Ensorcelled Hibernation  Hex/Ice        4%         N/A       22%         2
 Sublimation of Blood     Necr           2%         N/A       22%         2
 Flame Wave               Conj/Fire      26%        2d8       30%         4
 Fugue of the Fallen      Necr           2%         N/A       41%         3
 Vampiric Draining        Necr           2%         2d6       41%         3
 Irradiate                Conj/Alch      11%        3d15      75%         5
 Anguish                  Hex/Necr       1%         N/A       82%         4
 Martyr's Knell           Necr/Summ      2%         N/A       82%         4
 Petrify                  Alch/Erth      2%         N/A       82%         4
 Curse of Agony           Necr           2%         N/A       99%         5
 Summon Cactus Giant      Summ           1%         N/A       100%        6


Dungeon Overview and Level Annotations

Branches:
Dungeon (8/15)             Temple (1/1) D:7
   Lair: D:8-11

Altars:
Ashenzari
Cheibriados
Dithmenos
Elyvilon
Fedhas
Gozag
Hepliaklqana
Kikubaaqudgha
Makhleb
Nemelex Xobeh
Okawaru
Qazlal
Ru
Sif Muna
Trog
Vehumet
Wu Jian
Xom
Yredelemnul
Zin
The Shining One

Shops:
D:7 =

Annotations:
D:8 Gastronok


Innate Abilities, Weirdness & Mutations

You can breathe blasts of scalding, opaque steam.
Your pale cyan-grey scales are hard. (AC +7)
You cannot fit into any form of body armour.
You are cold-blooded and may be slowed by cold attacks.
You are immune to the effects of steam.


Message History

A cyclops is nearby!
The cyclops throws a large rock.
The large rock hits you!
You start resting.
A cyclops is nearby!
Casting: Shock (safe; 1% risk of failure)
Confirm with . or Enter, or press ? or * to list all spells.
Aiming: Airstrike (dangerous; 7% risk of failure)
Press: ? - help, Dir - move target, f - cyclops
Aim: a cyclops, quivering large rocks (empty space bonus: 8/8)
The air twists around and strikes the cyclops!
The cyclops is moderately wounded.
Casting: Airstrike (dangerous; 7% risk of failure)
Confirm with . or Enter, or press ? or * to list all spells.
Aiming: Airstrike (dangerous; 7% risk of failure)
Press: ? - help, Dir - move target, f/p - cyclops
Aim: a cyclops, quivering large rocks (moderately wounded, empty space bonus: 8/8)
The air twists around and strikes the cyclops!
The cyclops is heavily wounded.
The cyclops throws a large rock.
The large rock hits you!
You feel a surge of power!
The zap hits the cyclops!
The cyclops is severely wounded.
The cyclops throws a large rock.
The large rock hits you!!!
You are too injured to fight recklessly!
You are too injured to fight recklessly!
You are too injured to fight recklessly!
Casting: Shock (safe; 1% risk of failure)
Confirm with . or Enter, or press ? or * to list all spells.
Aiming: Shock (safe; 1% risk of failure)
Press: ? - help, Shift-Dir - straight line, f/p - cyclops
Aim: a cyclops, quivering large rocks (severely wounded, 98% to hit)
You feel a surge of power!
The zap hits the cyclops.
The cyclops is severely wounded.
Casting: Shock (safe; 1% risk of failure)
Confirm with . or Enter, or press ? or * to list all spells.
Aiming: Shock (safe; 1% risk of failure)
Press: ? - help, Shift-Dir - straight line, f/p - cyclops
Aim: a cyclops, quivering large rocks (severely wounded, 98% to hit)
You feel a surge of power!
The zap misses the cyclops.
The cyclops throws a large rock.
The large rock hits you!!!
You die...

##................##...#
.......#.C..###.##.......
...##.......#.w.###......
...#.......#.....####....
..........##.....#####...
..........##.....#..##...
........................#
.........###......###.##.
##......@.# ......###....
##....#...###............
......#...#.##...........
##.#..#..................
###.....>...............
#.....................
##.##.................
#.. #.................
##. ##................


You could see a cyclops.

Vanquished Creatures
  A troll (D:7)
  An acid dragon (D:6)
  3 water moccasins
  An orc warrior (D:8)
  An ice beast (D:6)
  3 centaurs
  2 bullfrogs (D:8)
  5 scorpions
  3 howler monkeys
  4 crimson imps (D:8)
  3 hounds
  4 orc priests
  2 iguanas (D:5)
  4 sleepcaps
  3 orc wizards (D:8)
  Robin (D:2)
  11 gnolls
  5 adders
  A white imp (D:8)
  2 ufetubi (D:5)
  A dart slug (D:4)
  25 orcs
  10 bats
  6 endoplasms
  3 giant cockroaches (D:3)
  15 goblins
  4 hobgoblins
  2 jackals (D:5)
  5 kobolds
  5 quokkas
  13 ball pythons
  3 frilled lizards
  6 rats
158 creatures vanquished.

Notes
Turn   | Place    | Note
-------+----------+-------------------------------------------
     0 | D:1      | uglyjohn the Draconian Air Elementalist began the quest for
                  | the Orb.
     0 | D:1      | Reached XP level 1. HP: 14/14 MP: 3/3
   312 | D:1      | Reached XP level 2. HP: 20/20 MP: 3/5
   982 | D:1      | Learned a level 2 spell: Static Discharge
  1007 | D:2      | Reached XP level 3. HP: 20/26 MP: 1/6
  1058 | D:2      | Identified the +1 helmet of Noon {rElec rPois Regen+ Str-5}
  1058 | D:2      | Noticed Robin
  1430 | D:2      | Killed Robin
  2196 | D:3      | Found a blossoming altar of Fedhas.
  2234 | D:3      | Reached XP level 4. HP: 32/33 MP: 1/7
  2557 | D:3      | Found an opulent altar of Gozag.
  2630 | D:3      | Found a bloodstained altar of Trog.
  2782 | D:3      | Reached XP level 5. HP: 29/38 MP: 3/8
  3529 | D:4      | Reached skill level 5 in Air Magic
  3734 | D:4      | Reached XP level 6. HP: 43/45 MP: 0/9
  3857 | D:4      | Learned a level 4 spell: Airstrike
  4087 | D:4      | Reached skill level 5 in Conjurations
  4540 | D:5      | Entered Level 5 of the Dungeon
  4573 | D:5      | Noticed a water moccasin
  4585 | D:5      | Killed a water moccasin
  4586 | D:5      | Reached skill level 3 in Fighting
  4586 | D:5      | Your scales start taking on a pale cyan-grey colour.
  4586 | D:5      | Reached XP level 7. HP: 38/58 MP: 5/10
  4586 | D:5      | Gained mutation: You are immune to the effects of steam.
                  | [Pale Draconian growth]
  4683 | D:5      | Reached skill level 4 in Fighting
  4729 | D:5      | Reached skill level 5 in Fighting
  4827 | D:5      | Reached skill level 6 in Fighting
  5387 | D:5      | Reached skill level 7 in Fighting
  5464 | D:5      | Reached skill level 8 in Fighting
  6040 | D:6      | Reached skill level 9 in Fighting
  6040 | D:6      | Reached XP level 8. HP: 74/78 MP: 6/11
  6220 | D:6      | Found a broken altar of Ashenzari.
  6250 | D:6      | Reached skill level 10 in Fighting
  6310 | D:6      | You fall into a shaft and drop 1 floor!
  7059 | D:6      | Reached skill level 11 in Fighting
  7067 | D:7      | Noticed a troll
  7319 | D:7      | Reached skill level 12 in Fighting
  7576 | D:7      | Found Doluolot's Jewellery Boutique.
  7654 | D:7      | Found a shadowy altar of Dithmenos.
  7703 | D:7      | Killed a troll
  7704 | D:7      | Reached skill level 13 in Fighting
  7798 | D:7      | Found an ornate altar of the Wu Jian Council.
  7848 | D:7      | Found a sacrificial altar of Ru.
  7848 | D:7      | Found an ancient bone altar of Kikubaaqudgha.
  7898 | D:7      | Found a staircase to the Ecumenical Temple.
  7911 | Temple   | Entered the Ecumenical Temple
  7926 | Temple   | Became a worshipper of Vehumet
  7969 | D:7      | Found a hazy altar of Hepliaklqana.
  8316 | D:8      | Reached XP level 9. HP: 88/93 MP: 5/12
  8442 | D:8      | Upgraded the game from 0.32-a0-17-gb74e046682 to
                  | 0.32-a0-30-gefbe487952
  8442 | D:8      | Upgraded the game from 0.32-a0-30-gefbe487952 to
                  | 0.32-a0-799-g95e1662365
  8707 | D:8      | Found a burning altar of Makhleb.
  8710 | D:8      | Identified the +4 spear "Quhoziz" {flame, rC+}
  8778 | D:8      | Found a shimmering altar of Xom.
  8791 | D:8      | Reached skill level 1 in Fire Magic
  8946 | D:8      | Noticed Gastronok
  9351 | D:8      | Noticed a cyclops
  9368 | D:8      | Hit by a large rock thrown by a cyclops

Illustrated notes

Levels and vault maps discovered:
D:1:      elethiomel_arrival_infinity_welcomes_careful_drivers, layout_basic
D:2:      layout_rooms, uniq_robin
D:3:      layout_loops_corners, trog_three_pillars_becter, marbit_many_paths,
          mainiacjoe_overflow_paths, kennysheep_generic_room_16
D:4:      layout_basic, minmay_manual_moon
D:5:      layout_basic
D:6:      layout_rooms, evilmike_ruin_ashenzari, roderic_lattice_a,
          grunt_decor_arrowhead
D:7:      layout_basic, grunt_dithmenos_smoke_and_mirrors,
          mainiacjoe_overflow_boulevard, nicolae_wu_jian_wuxing_cycle,
          gammafunk_temple_overflow_elements, minmay_temple_entry_glassed_door,
          serial_shops, nicolae_shop_crystal
D:8:      layout_cave_pools, mainiacjoe_overflow_chevrons, led_xom_imps,
          uniq_gastronok
Temple:   zaba_magenta_temple

Skill      XL: |  1  2  3  4  5  6  7  8  9 |
---------------+----------------------------+-----
Conjurations   | 2 3 4 5 6 |  6.1
Air Magic      | 4 5 6 7 |  7.5
Fighting       | 3 9 13 | 13.5
Fire Magic     | 1 |  1.3
Dodging        | |  1.7
Stealth        | |  1.7
Spellcasting   | |  2.0

Action                     |  1- 3 |  4- 6 |  7- 9 || total
---------------------------+-------+-------+-------++-------
  Melee: Unarmed           |     6 |       |       ||     6
         Dagger            |    46 |    23 |       ||    69
         Tailslap          |     7 |     3 |    13 ||    23
         Staff             |       |    15 |    63 ||    78
   Cast: Shock             |    90 |    98 |   179 ||   367
         Static Discharge  |     5 |     1 |     8 ||    14
         Airstrike         |       |       |    14 ||    14
Ability: Steam Breath      |       |       |     1 ||     1
  Evoke: Wand              |       |       |     3 ||     3
    Use: Potion            |       |     4 |     1 ||     5
         Scroll            |       |     1 |     1 ||     2
   Stab: Sleeping          |     1 |     1 |       ||     2
 Armour: Skin              |    57 |    56 |   129 ||   242
  Dodge: Dodged            |    69 |    61 |   103 ||   233

Table legend: (Time is in decaauts)
 A = Elapsed time spent in this place.
 B = Non-inter-level travel time spent in this place.
 C = Inter-level travel time spent in this place.
 D = Time resting spent in this place.
 E = Time spent auto-exploring this place.
 F = Levels seen in this place.
 G = Mean time per level.
                   A        B        C        D        E       F      G
               +--------+--------+--------+--------+--------+-----+--------+
         Total |   9374 |   9099 |    275 |   2333 |   5264 |   9 | 1041.6 |
       Dungeon |   9337 |   9062 |    275 |   2333 |   5264 |   8 | 1167.1 |
        Temple |     36 |     36 |      0 |      0 |      0 |   1 |   36.0 |
               +--------+--------+--------+--------+--------+-----+--------+

Top non-repeatable levels by time:
     D:6: 1397 daAuts
     D:3: 1367 daAuts
     D:5: 1347 daAuts
     D:7: 1301 daAuts
     D:4: 1233 daAuts
     D:1: 1161 daAuts
     D:2: 834 daAuts
     D:8: 694 daAuts
  Temple: 36 daAuts
